 Dungeon Crawl Stone Soup version 0.22.1-2-g9c5b331383 (webtiles) character file.

36 McIrco the Shield-Bearer (level 3, 0/29 HPs)
             Began as a Barachi Fighter on Jan 5, 2019.
             Succumbed to a worker ant's poison
             ... on level 2 of the Dungeon.
             The game lasted 00:02:00 (1247 turns).

McIrco the Shield-Bearer (Barachi Fighter)          Turns: 1247, Time: 00:02:00

Health: 0/29       AC:  6    Str: 17    XL:     3   Next: 37%
Magic:  3/3        EV:  7    Int:  8    God:
Gold:   69         SH:  9    Dex: 12    Spells: 2/2 levels left

rFire    . . .     SeeInvis .   a - +0 long sword
rCold    . . .     Gourm    .   c - +0 shield
rNeg     . . .     Faith    .   b - +0 scale mail
rPois    .         Spirit   .   (no helmet)
rElec    .         Reflect  .   (no cloak)
rCorr    .         Harm     .   (no gloves)
MR       .....                  (no boots)
Stlth    ..........             (no amulet)
HPRegen  0.09/turn              (no ring)
MPRegen  0.08/turn              (no ring)

@: lethally poisoned (0 -> -6), slow
A: +LOS, swims, slowness 1, strong legs 1
a: Hop


You were on level 2 of the Dungeon.
You were near starving.

You visited 1 branch of the dungeon, and saw 2 of its levels.

You collected 69 gold pieces.

Inventory:

Hand Weapons
 a - a +0 long sword (weapon)
Armour
 b - a +0 scale mail (worn)
 c - a +0 shield (worn)
Scrolls
 e - 2 scrolls of fog {unknown}
 h - a scroll of amnesia {unknown}
 i - a scroll of teleportation {unknown}
 k - 2 scrolls of blinking {unknown}
 l - a scroll of enchant weapon {unknown}
 n - a scroll of noise {unknown}
Potions
 d - a potion of might
 g - 2 potions of curing {unknown}
 j - a potion of agility {unknown}
 m - 2 potions of ambrosia {unknown}
Comestibles
 f - a ration


   Skills:
 - Level 3.6 Fighting
 - Level 2.4 Long Blades
 - Level 3.6 Armour
 + Level 4.8 Shields


You had 2 spell levels left.
You didn't know any spells.
Your spell library was empty.

Dungeon Overview and Level Annotations

Branches:
Dungeon (2/15)

Altars:
Ru


Innate Abilities, Weirdness & Mutations

Shadows flee at your approach. (+LOS)
You can swim through water.
You cover ground slowly.
You can hop short distances.


Message History

You are too injured to fight recklessly!
You are too injured to fight recklessly!
You are too injured to fight recklessly!
You are too injured to fight recklessly!
You are too injured to fight recklessly!
You are too injured to fight recklessly!
You are too injured to fight recklessly!
You are too injured to fight recklessly!
You feel sick. The worker ant bites you. The worker ant bites you.
* * * LOW HITPOINT WARNING * * *
You are more poisoned.
The worker ant poisons you! The adder barely misses you.
There is an open door here.
* * * LOW HITPOINT WARNING * * *
You feel sick. The worker ant barely misses you.
* * * LOW HITPOINT WARNING * * *
You feel sick.
The worker ant bites you but does no damage.
You die...

#.......(.... # #............
... #............
...##............ #########
............... #........
............ #..(..... #.......
#........
..####....#######'#####.^......
.....'.?..'Sa.@.......'........
...###....########.####........
#....# #.## #........ ####.#
#..# #........
######'#########.###.[.....[
#........<...# #..#####.....
#............# ##.# #..#.#
#............# #.## #<.#.#
#............# #..# ##.#.#


You could see a worker ant and an adder.

Vanquished Creatures
  An adder (D:2)
  A dart slug (D:1)
  A leopard gecko (D:1)
  5 goblins
  5 hobgoblins
  A bat (D:1)
  A frilled lizard (D:1)
  5 kobolds
  3 rats
23 creatures vanquished.

Notes
Turn   | Place    | Note
-------+----------+-------------------------------------------
     0 | D:1      | McIrco the Barachi Fighter began the quest for the Orb.
     0 | D:1      | Reached XP level 1. HP: 18/18 MP: 1/1
   188 | D:1      | Reached XP level 2. HP: 19/24 MP: 2/2
   324 | D:1      | Reached skill level 4 in Shields
  1169 | D:2      | Found a sacrificial altar of Ru.
  1182 | D:2      | Reached XP level 3. HP: 24/29 MP: 3/3
  1245 | D:2      | HP: 1/29 [poisoned by a worker ant]
  1247 | D:2      | Succumbed to a worker ant's poison

Skill      XL: |  1  2 |
---------------+-------+-----
Shields        | 4 |  4.8
Fighting       | |  3.6
Long Blades    | |  2.4
Armour         | |  3.6

Action                   || total
-------------------------++-------
Melee: Long sword        ||    97
Armor: Scale mail        ||    31
Dodge: Dodged            ||    32
Block: Shield            ||    52
       Rpst.: Long sword ||     8
